 Dungeon Crawl Stone Soup version 0.16.1-12-gf5c4a84 (webtiles) character file.

7231 Woebin the Fighter (level 10, -1/93 HPs)
             Began as a Minotaur Berserker on Apr 8, 2015.
             Was the Champion of Trog.
             Slain by a 13-headed hydra (6 damage)
             ... on level 1 of the Lair of Beasts.
             The game lasted 00:48:15 (9204 turns).

Woebin the Fighter (Minotaur Berserker)             Turns: 9204, Time: 00:48:15

Health: -1/93      AC: 16    Str: 25    XL:     10   Next: 88%
Magic:  4/4        EV: 11    Int:  4    God:    Trog [******]
Gold:   446        SH:  0    Dex: 10    Spells: 0 memorised, 9 levels left

rFire  . . .     SeeInvis .     a - +2 hand axe (chop)
rCold  . . .     Clarity  .     C - +0 chain mail
rNeg   + . .     SustAb   .     (no shield)
rPois  +         Gourm    .     (helmet restricted)
rElec  .         Spirit   .     A - +2 cloak {+Inv}
rCorr  .         Warding  .     (no gloves)
rMut   .         Stasis   .     i - +0 pair of boots
MR     .....                    (no amulet)
Stlth  ..........               O - ring of poison resistance
                                F - ring of positive energy

@: not resistant to hostile enchantments, extremely unstealthy
A: retaliatory headbutt, horns 2
a: Burn Spellbooks, Berserk, Trog's Hand, Brothers in Arms, Renounce Religion,
Evoke Invisibility


You were on level 1 of the Lair of Beasts.
You worshipped Trog.
Trog was exalted by your worship.
You were hungry.

You visited 3 branches of the dungeon, and saw 10 of its levels.

You collected 446 gold pieces.

Inventory:

Hand weapons
 a - a +2 hand axe of chopping (weapon)
 b - a +0 arbalest
 l - a +0 hunting sling
 S - a +0 longbow
Missiles
 e - 30 sling bullets
 q - 29 arrows
 s - 19 bolts
 t - 4 javelins (quivered)
 E - 15 sling bullets of flame
 M - 15 sling bullets of frost
Armour
 i - a +0 pair of boots (worn)
 A - a +2 cloak of invisibility (worn)
 C - a +0 chain mail (worn)
Jewellery
 c - a +4 ring of dexterity
 F - a ring of positive energy (left hand)
 O - a ring of poison resistance (right hand)
Magical devices
 B - a wand of confusion (16)
 U - a wand of confusion (28)
Scrolls
 f - 3 scrolls of immolation {unknown}
 g - a scroll of amnesia {unknown}
 p - 6 scrolls of teleportation {unknown}
 u - 2 scrolls of random uselessness {unknown}
 w - a scroll of fog {unknown}
 x - 3 scrolls of remove curse
 y - 2 scrolls of recharging {unknown}
 I - a scroll of enchant weapon {unknown}
 N - a scroll of enchant armour {unknown}
 R - a scroll of magic mapping {unknown}
Potions
 d - 4 potions of curing
 h - 3 potions of haste
 k - a potion of heal wounds {unknown}
 m - a potion of brilliance {unknown}
 n - a potion of flight {unknown}
 o - 2 potions of lignification
 r - 2 potions of agility
 z - 2 potions of restore abilities
 H - 2 potions of berserk rage
 T - 2 potions of cure mutation {unknown}
Books
 K - a book of Transfigurations

   Spells                             Type                      Level
   a - Stoneskin                      Transmutation/Earth          2
   b - Irradiate                      Conjuration/Transmutation    5
   c - Statue Form                    Transmutation/Earth          6
   d - Hydra Form                     Transmutation                6
   e - Dragon Form                    Transmutation                7
   Trog disapproves of the use of such an item.
Comestibles
 j - 2 royal jellies


   Skills:
 + Level 9.9 Fighting
 + Level 9.9(10.0) Axes
   Level 1.9(6.5) Polearms
 - Level 5.3(5.8) Slings
 + Level 5.2 Bows
 - Level 3.3(4.5) Throwing
 + Level 9.7 Armour
 + Level 6.8 Dodging
 - Level 0.1 Stealth


You had 9 spell levels left.
You didn't know any spells.

Dungeon Overview and Level Annotations

Branches:
Dungeon (8/15)             Temple (1/1) D:5            Lair (1/8) D:8

Altars:
Ashenzari
Cheibriados
Dithmenos
Elyvilon
Fedhas
Gozag
Kikubaaqudgha
Makhleb
Nemelex Xobeh
Okawaru
Qazlal
Ru
Sif Muna
Trog
Vehumet
Xom
Yredelemnul
Zin
The Shining One

Shops:
D:6 [


Innate Abilities, Weirdness & Mutations

You reflexively headbutt those who attack you in melee.
You have a pair of horns on your head.


Message History

You hack one of the 11-headed hydra's heads off!
The ten-headed hydra grows two more!
You slash the 12-headed hydra!
The 12-headed hydra is heavily wounded.
You lop one of the 12-headed hydra's heads off!
The 11-headed hydra grows two more!
You slash the 13-headed hydra!
Your headbutt misses the 13-headed hydra.
The 13-headed hydra is moderately wounded.
The 13-headed hydra bites you!
* * * LOW HITPOINT WARNING * * *
The 13-headed hydra bites you but does no damage.
The 13-headed hydra bites you.
* * * LOW HITPOINT WARNING * * *
The 13-headed hydra closely misses you.
The 13-headed hydra bites you but does no damage.
The 13-headed hydra bites you.
* * * LOW HITPOINT WARNING * * *
The 13-headed hydra closely misses you. The 13-headed hydra bites you!
* * * LOW HITPOINT WARNING * * *
The 13-headed hydra bites you.
You die...

##...# ##..#
##.....##... #.### #..##
#.....##... ### ##..##
##..........
##..###...........
#..........####..
#.........## ♣♣♣
##..#####..# #..##♣ #..♣
♣♣♣♣♣ #@..♣.♣ ♣..♣ ♣....
.......D.......#..♣
♣....
....(.....♣#♣.♣.#♣♣♣..##
..................♣♣..#⌠
........##..♣.♣.#.....#.
....######.........(.#.
..# #...........#. #
##.......♣♣..##
#..P....♣♣♣....


You could see a 13-headed hydra.

Vanquished Creatures
  Erolcha (D:8)
  Maurice (D:8)
  A black mamba (Lair:1)
  A spriggan (D:7)
  7 yaks
  2 hippogriffs
  Eustachio (D:8)
  A deep elf fighter (D:8)
  Grum (D:8)
  4 wolves (D:8)
  An ice beast (D:5)
  An orc warrior (D:6)
  3 porcupines (Lair:1)
  A wasp (D:8)
  2 phantoms
  A black bear (D:7)
  A necrophage (D:8)
  5 ogres
  Sigmund (D:2)
  5 crocodiles
  A centaur (D:5)
  5 giant frogs
  A gnoll sergeant (D:8)
  2 scorpions
  6 killer bees (D:7)
  2 crimson imps
  4 wights (D:7)
  A goliath beetle (D:7)
  2 hounds
  A quasit (D:8)
  Crazy Yiuf (D:3)
  A giant frog skeleton (D:8)
  4 orc wizards (D:6)
  2 iguanas
  2 worker ants
  A mummy (D:7)
  3 worker ant zombies
  9 gnolls
  12 adders
  12 river rats
  2 white imps (D:8)
  2 shadow imps
  3 worms
  A giant mite (D:1)
  An ufetubus (D:8)
  2 giant geckos
  11 orcs
  25 bats
  4 giant cockroaches
  14 hobgoblins
  8 jackals
  9 kobolds
  A ball python (D:3)
  A giant cockroach zombie (D:3)
  3 giant newts
  A giant spore (D:7)
  12 goblins
  A jackal skeleton (D:6)
  7 quokkas
  33 rats
  3 ballistomycetes (D:7)
  A fungus (Lair:1)
258 creatures vanquished.

Vanquished Creatures (collateral kills)
  A gnoll sergeant (D:5)
1 creature vanquished.

Grand Total: 259 creatures vanquished

Notes
Turn   | Place    | Note
--------------------------------------------------------------
     0 | D:1      | Woebin, the Minotaur Berserker, began the quest for the Orb.
     0 | D:1      | Reached XP level 1. HP: 19/19 MP: 1/1
   558 | D:1      | Reached skill level 4 in Fighting
   558 | D:1      | Reached XP level 2. HP: 25/27 MP: 1/1
  1158 | D:1      | Reached XP level 3. HP: 34/34 MP: 2/2
  1233 | D:2      | Noticed Sigmund
  1240 | D:2      | Killed Sigmund
  1240 | D:2      | Acquired Trog's second power
  1240 | D:2      | Reached XP level 4. HP: 41/41 MP: 2/2
  1298 | D:2      | Found a stormy altar of Qazlal.
  1299 | D:2      | Found a shadowy altar of Dithmenos.
  1412 | D:2      | You fall through a shaft for 2 floors!
  1467 | D:4      | Noticed an ogre
  1472 | D:4      | Killed an ogre
  1472 | D:4      | Reached skill level 5 in Fighting
  1472 | D:4      | Reached skill level 1 in Slings
  1472 | D:4      | Reached XP level 5. HP: 45/48 MP: 2/2
  1628 | D:4      | Found a shimmering altar of Xom.
  1728 | D:4      | Reached XP level 6. HP: 56/56 MP: 3/3
  1734 | D:4      | Noticed an ogre
  1741 | D:4      | Killed an ogre
  1741 | D:4      | Reached skill level 1 in Polearms
  1763 | D:3      | Reached skill level 5 in Axes
  2428 | D:2      | Found a glowing golden altar of the Shining One.
  2619 | D:2      | Acquired Trog's third power
  3110 | D:3      | Reached XP level 7. HP: 60/62 MP: 3/3
  3139 | D:3      | Noticed Crazy Yiuf
  3144 | D:3      | Killed Crazy Yiuf
  3360 | D:4      | Noticed an ogre
  3367 | D:4      | Killed an ogre
  3776 | D:5      | Entered Level 5 of the Dungeon
  4129 | D:5      | Reached skill level 6 in Fighting
  4228 | D:5      | Found a staircase to the Ecumenical Temple.
  4249 | Temple   | Entered the Ecumenical Temple
  4442 | D:5      | Found a radiant altar of Vehumet.
  4484 | D:5      | Reached skill level 1 in Throwing
  4484 | D:5      | Reached skill level 5 in Armour
  4550 | D:5      | Reached XP level 8. HP: 70/70 MP: 3/3
  5015 | D:5      | Received a gift from Trog
  5138 | D:6      | Identified Fraquat's Reference Book on Unholy Battle Magic
  5173 | D:6      | Reached skill level 5 in Slings
  5541 | D:6      | Found Wamiem's Armour Shop.
  5900 | D:6      | Found a sacrificial altar of Ru.
  5933 | D:6      | Reached skill level 1 in Bows
  6142 | D:6      | Received a gift from Trog
  6203 | D:7      | Reached skill level 7 in Armour
  6314 | D:7      | Reached XP level 9. HP: 64/78 MP: 4/4
  6388 | D:7      | Reached skill level 5 in Dodging
  6636 | D:7      | Found a burning altar of Makhleb.
  7370 | D:8      | Noticed Grum
  7389 | D:8      | Killed Grum
  7396 | D:8      | Reached skill level 8 in Armour
  7647 | D:8      | Noticed Maurice
  7654 | D:8      | Killed Maurice
  7773 | D:8      | Reached XP level 10. HP: 67/88 MP: 4/4
  7988 | D:8      | Noticed Erolcha
  8000 | D:8      | Killed Erolcha
  8003 | D:8      | Reached skill level 9 in Armour
  8006 | D:8      | Noticed Eustachio
  8041 | D:8      | Killed Eustachio
  8283 | D:8      | Received a gift from Trog
  8422 | D:8      | Found a staircase to the Lair.
  8439 | Lair:1   | Entered Level 1 of the Lair of Beasts
  8588 | Lair:1   | Noticed a black mamba
  8597 | Lair:1   | Killed a black mamba
  8822 | Lair:1   | Reached skill level 5 in Bows
  9195 | Lair:1   | Noticed a seven-headed hydra
  9204 | Lair:1   | Slain by a 13-headed hydra

Action                   |  1- 3 |  4- 6 |  7- 9 | 10-12 || total
-------------------------+-------+-------+-------+-------++-------
Melee: Hand axe          |    44 |    70 |   284 |   185 ||   583
       Scythe            |       |    28 |       |       ||    28
 Fire: Hunting sling     |    10 |    41 |    19 |       ||    70
       Shortbow          |       |       |    32 |     4 ||    36
       Longbow           |       |       |       |    10 ||    10
       Arbalest          |       |       |       |     1 ||     1
Throw: Javelin           |       |     7 |    18 |     4 ||    29
Invok: Berserk           |     1 |       |     1 |     1 ||     3
       Brothers in Arms  |       |       |     1 |       ||     1
       Burn Spellbooks   |       |       |     1 |       ||     1
  Use: Scroll            |       |       |     7 |     3 ||    10
       Potion            |       |       |     1 |     1 ||     2
  Eat: Chunk             |     1 |     6 |    17 |     5 ||    29
